Map: Ascension to Aiur LE

Players

Homakee - Winner!

  • Race: Protoss Protoss
  • League: Silver
  • Spawn Location: 5:00

Valderg

  • Race: Zerg Zerg
  • League: Silver
  • Spawn Location: 11:00

VOD

Have the link to the VOD?

Description

Time

  • Played on: Nov. 15, 2017, 6:26 p.m.
  • Length: 16:57
Show
View Real Time Build Order
Export as new Build Order

Homakee Protoss - Winner!

Build Orders:  

Get SALT Encoding   

  12  0:00  Probe  
  13  0:13  Probe  
  14  0:18  Pylon  
  14  0:25  Probe  
  15  0:37  Probe  
  15  0:41  Gateway  
  16  0:47  Assimilator  
  16  0:49  Probe  
  17  1:01  Probe  
  18  1:07  Pylon  
  18  1:13  Probe  
  19  1:25  Probe  
  20  1:29  Cybernetics Core  
  20  1:32  Zealot  
  22  1:37  Probe  
  23  1:40  Assimilator  
  23  1:49  Probe  
  24  2:01  Probe  
  24  2:07  Warp Gate (Chrono Boost)  
  25  2:11  Nexus  
  25  2:22  Probe  
  26  2:31  Stargate  
  26  2:42  Stalker  
  28  2:50  Pylon  
  28  3:08  Probe  
  29  3:15  Assimilator  
  29  3:19  Pylon  
  28  3:22  Void Ray  
  32  3:30  Probe  
  32  3:33  Probe  
  34  3:42  Probe  
  34  3:45  Probe  
  36  3:53  Protoss Air Weapons Level 1  
  36  3:54  Probe  
  37  3:57  Probe  
  37  3:59  Stargate  
  38  4:06  Probe  
  38  4:09  Assimilator, Probe  
  40  4:11  Shield Battery  
  40  4:14  Forge  
  40  4:21  Void Ray  
  44  4:28  Probe x2  
  46  4:40  Probe x2, Robotics Facility  
  48  4:52  Probe  
  49  4:53  Probe  
  49  4:57  Pylon  
  50  5:00  Pylon  
  50  5:04  Probe  
  51  5:11  Twilight Council  
  51  5:19  Probe x2  
  53  5:23  Void Ray  
  57  5:31  Probe x2  
  59  5:52  Photon Cannon  
  59  5:53  Photon Cannon  
  59  5:55  Photon Cannon  
  59  6:01  Stalker  
  59  6:02  Void Ray  
  65  6:10  Photon Cannon  
  65  6:16  Protoss Ground Armor Level 1  
  65  6:22  Pylon  
  65  6:25  Dark Shrine  
  65  6:30  Void Ray  
  69  6:35  Observer  
  69  6:39  Blink  
  70  6:43  Stalker  
  70  6:45  Void Ray, Probe  
  70  6:46  Probe  
  78  6:57  Probe  
  78  6:59  Pylon  
  79  7:20  Photon Cannon  
  79  7:27  Shield Battery  
  79  7:31  Photon Cannon  
  79  7:34  Nexus, Probe x2  
  81  7:38  Void Ray x2  
  81  7:43  Adept  
  91  7:46  Probe  
  92  8:01  Gateway  
  92  8:02  Gateway  
  92  8:04  Gateway  
  92  8:09  Dark Templar  
  94  8:23  Protoss Ground Weapons Level 1  
  94  8:28  Protoss Air Armor Level 1  
  94  8:35  Fleet Beacon  
  94  8:40  Charge  
  94  8:42  Shield Battery  
  94  8:44  Shield Battery  
  94  8:46  Observer  
  94  8:48  Shield Battery  
  95  8:53  Probe  
  95  8:54  Probe x2  
  98  9:05  Probe  
  98  9:06  Probe  
  108  9:14  Observer  
  109  9:40  Pylon  
  109  9:42  Pylon  
  109  9:47  Probe x3  
  109  9:58  Observer  
  116  10:06  Pylon  
  116  10:08  Pylon  
  116  10:11  Pylon  
  116  10:14  Pylon  
  116  10:16  Carrier x2  
  116  10:22  Zealot  
  116  10:23  Zealot x3  
  116  10:26  Protoss Ground Armor Level 2  
  124  10:31  Probe x2  
  134  10:53  Mothership (Chrono Boost)  
  136  11:03  Probe (Chrono Boost)  
  136  11:04  Probe (Chrono Boost)  
  136  11:11  Photon Cannon  
  136  11:12  Photon Cannon  
  136  11:14  Photon Cannon  
  136  11:17  Photon Cannon, Assimilator  
  136  11:21  Assimilator  
  136  11:27  Zealot x2  
  136  11:28  Zealot x2  
  145  11:41  Carrier x2  
  156  11:50  Pylon  
  156  11:52  Pylon  
  156  11:54  Pylon  
  156  12:00  Resonating Glaives  
  156  12:03  Protoss Air Armor Level 2  
  160  12:08  Immortal  
  160  12:37  Zealot x4  
  162  12:41  Protoss Ground Weapons Level 2  
  168  12:47  Immortal  
  172  13:03  Graviton Catapult (Chrono Boost)  
  172  13:24  Pylon  
  172  13:26  Pylon  
  172  13:27  Immortal  
  176  13:30  Pylon  
  176  13:32  Pylon  
  176  14:10  Shield Battery  
  176  14:11  Shield Battery  
  176  14:13  Shield Battery  
  176  14:14  Shield Battery  
  176  14:15  Shield Battery  
  176  14:18  Protoss Air Weapons Level 2  
  176  14:19  Shield Battery  
  176  14:27  Immortal  
  180  14:34  Dark Templar x2  
  180  14:35  Dark Templar x2  
  188  14:40  Archon  
  188  14:41  Archon  
  188  14:58  Protoss Shields Level 1  
  173  15:06  Immortal  
  164  16:10  Dark Templar x4  
  178  16:23  Archon x2  
Show
View Real Time Build Order
Export as new Build Order

Valderg Zerg 

Build Orders: Hatch First, Muta Ling Bane 

Get SALT Encoding   

  12  0:01  Drone  
  14  0:18  Overlord  
  14  0:19  Drone  
  14  0:37  Drone x2  
  16  0:47  Drone  
  17  0:56  Hatchery  
  16  1:01  Drone  
  16  1:02  Extractor  
  16  1:18  Spawning Pool  
  15  1:29  Drone x2  
  17  1:44  Drone x2  
  19  1:58  Drone  
  20  2:04  Queen  
  22  2:08  Queen  
  22  2:10  Zergling x4  
  26  2:18  Extractor  
  26  2:36  Overlord  
  26  2:37  Overlord  
  25  2:47  Drone x3  
  28  3:21  Spore Crawler  
  28  3:22  Drone  
  28  3:27  Spore Crawler  
  28  3:29  Drone x2  
  28  3:30  Drone x4  
  28  3:31  Drone x3  
  36  3:37  Evolution Chamber  
  36  3:38  Baneling Nest, Drone x2  
  36  3:45  Overlord  
  36  3:46  Overlord  
  36  3:56  Lair  
  36  3:58  Pneumatized Carapace  
  36  4:03  Zerg Melee Weapons Level 1  
  36  4:13  Metabolic Boost  
  36  4:22  Extractor  
  35  4:24  Extractor  
  35  4:28  Drone x4  
  35  4:29  Zergling x8  
  42  4:34  Baneling  
  42  4:46  Drone x3  
  42  4:47  Drone x5  
  50  4:54  Baneling x2  
  50  5:01  Baneling  
  50  5:05  Zergling x4  
  52  5:07  Overlord x2  
  52  5:33  Hatchery  
  52  5:35  Zergling x4  
  53  5:36  Zergling x12  
  53  5:41  Queen  
  59  5:52  Queen  
  57  6:03  Zerg Melee Weapons Level 2  
  57  6:17  Queen  
  59  6:47  Drone x5  
  59  6:48  Drone  
  59  6:49  Overlord x3  
  59  6:50  Overlord  
  65  7:02  Extractor  
  65  7:07  Queen  
  66  7:17  Queen x2  
  70  7:28  Centrifical Hooks  
  70  7:32  Overseer x3  
  70  7:42  Queen  
  72  8:13  Queen x2  
  76  8:20  Zerg Ground Armor Level 1  
  76  8:27  Spire  
  75  8:41  Drone x6  
  78  8:42  Drone x5  
  86  8:49  Drone  
  86  8:51  Hatchery  
  86  8:52  Drone  
  86  8:55  Hatchery  
  86  9:15  Zergling x6  
  86  9:16  Overlord x3  
  86  9:17  Overlord  
  89  9:23  Spore Crawler  
  88  9:26  Extractor  
  87  9:45  Mutalisk x3  
  89  9:46  Mutalisk x2  
  89  9:47  Mutalisk x6  
  109  10:06  Drone x7  
  116  10:14  Extractor  
  116  10:18  Hatchery  
  114  10:21  Queen  
  114  10:25  Corruptor x3  
  114  10:26  Corruptor x5  
  132  10:35  Infestation Pit  
  131  10:42  Zergling x4  
  133  10:43  Overlord  
  133  10:44  Overlord x5  
  133  10:50  Hatchery  
  132  11:15  Corruptor x6  
  132  11:16  Corruptor x2  
  148  11:23  Hive  
  148  11:29  Drone x3  
  148  11:30  Drone x11  
  162  11:56  Zergling x28  
  162  11:57  Zergling x6  
  179  12:29  Queen x2  
  179  12:30  Queen x3  
  189  13:05  Drone x2  
  190  13:06  Drone x2  
  190  13:10  Extractor  
  192  13:16  Extractor  
  191  13:50  Baneling x7  
  191  13:51  Baneling x7  
  191  13:52  Baneling  
  191  13:56  Greater Spire  
  191  13:58  Zerg Ground Armor Level 2  
  173  15:12  Corruptor  
  173  15:13  Corruptor x2, Mutalisk x4  
  165  15:14  Corruptor x5  
  165  15:16  Overlord x3  
  165  15:17  Overlord x3  
  177  15:32  Overlord x5  
  177  15:33  Overlord  
  177  15:37  Viper x3  
  177  15:40  Corruptor  
  177  15:41  Corruptor, Mutalisk  
  177  15:42  Corruptor x6  
Tags
 
Add a new tag
Caveats
  • Supply blocks, unpowered buildings, or Contaminate may cause inaccurate times.
  • Supply counts are checked every 10 seconds.